 Dungeon Crawl Stone Soup version 0.27.1-4-g1640c2035a (webtiles) character file.

Game seed: 12037722163125639100

21 Stomo444 the Grave Robber (level 2, 0/14 HPs)
             Began as a Vine Stalker Necromancer on Nov 11, 2021.
             Slain by a quokka (1 damage)
             ... on level 1 of the Dungeon.
             The game lasted 00:02:06 (991 turns).

Stomo444 the Grave Robber (Vine Stalker Necromancer) Turns: 991, Time: 00:02:07

Health: 0/14       AC:  2    Str: 10    XL:     2   Next: 87%
Magic:  0/6        EV: 12    Int: 15    God:
Gold:   19         SH:  0    Dex: 14    Spells: 4/5 levels left

rFire    . . .     SeeInvis .   c - +0 club
rCold    . . .     Faith    .   (no shield)
rNeg     . . .     Spirit   +   a - +0 robe
rPois    .         Reflect  .   (no helmet)
rElec    .         Harm     .   (no cloak)
rCorr    .         Rampage  .   (no gloves)
Will     .....                  (no boots)
Stlth    ++........             (no amulet)
HPRegen  0.04/turn              (no ring)
MPRegen  0.10/turn              (no ring)

@: no status effects
A: fangs 2, magic shield, antimagic bite, no potion heal 2
a: no special abilities


You were on level 1 of the Dungeon.
You visited 1 branch of the dungeon, and saw 1 of its levels.

You collected 19 gold pieces.

Inventory:

Hand Weapons
 c - a +0 club (weapon)
Armour
 a - a +0 robe (worn)
Potions
 b - a potion of degeneration {unknown}
 d - 2 potions of cancellation {unknown}
 e - a potion of curing {unknown}
 f - a potion of might {unknown}


   Skills:
 + Level 0.8 Fighting
 + Level 0.9 Maces & Flails
 + Level 1.9 Dodging
 - Level 2.4 Stealth
 - Level 2.3 Spellcasting
 - Level 4.1 Necromancy


You had 4 spell levels left.
You knew the following spells:

 Your Spells              Type           Power      Damage    Failure   Level
a - Pain                  Necr           56%        1d6       4%          1

Your spell library contained the following spells:

 Spells                   Type           Power      Damage    Failure   Level
 Animate Skeleton         Necr           28%        N/A       4%          1
 Vampiric Draining        Necr           7%         2d7       12%         3
 Animate Dead             Necr           7%         N/A       36%         4
 Agony                    Necr           14%        N/A       73%         5


Dungeon Overview and Level Annotations

Branches:
Dungeon (1/15)

Altars:


Innate Abilities, Weirdness & Mutations

You have extremely sharp teeth.
When hurt, damage is shared between your health and your magic reserves.
Your bite disrupts and absorbs the magic of your enemies.
Potions cannot restore your health.


Message History

The bat misses you. The bat hits you but does no damage.
There is an open door here.
You barely miss the quokka. The quokka closely misses you. x2
You hit the quokka but do no damage. You bite the quokka, but do no damage.
The quokka barely misses you.
You barely miss the quokka. Your bite misses the quokka.
The quokka closely misses you. The quokka barely misses you.
You miss the quokka. Your bite misses the quokka.
The quokka closely misses you.
You barely miss the quokka.
The quokka bites you but does no damage.
The quokka bites you.
You miss the quokka. The quokka barely misses you.
You hit the quokka.
The quokka is moderately wounded.
The quokka closely misses you. The quokka bites you.
You miss the quokka.
The quokka is moderately wounded.
The quokka bites you.
* * * LOW HITPOINT WARNING * * *
The quokka barely misses you.
You hit the quokka but do no damage. You bite the quokka, but do no damage.
The quokka is moderately wounded.
The quokka bites you.
* * * LOW HITPOINT WARNING * * *
Casting: Pain (safe; 4% risk of failure)
Confirm with . or Enter, or press ? or * to list all spells.
Aiming: Pain (safe; 4% risk of failure)
Press: ? - help, Shift-Dir - straight line, f - quokka
Aim: a quokka (moderately wounded, chance to affect: 85%)
The quokka barely resists.
The quokka barely misses you.
You hit the quokka.
The quokka is heavily wounded.
The quokka misses you. The quokka closely misses you.
Unknown command.
You closely miss the quokka. Your bite misses the quokka.
The quokka is heavily wounded.
The quokka bites you.
You die...

.#'##########.................#
.........#.........#..........#
...........#.......#.......#'##
...........#.......#...r....†....
...........#.......#...........#w
...........###.....#........)....
...........#####'#####........)#.
.......#+#......r.# #...........
.......#....##..@.#####..#.....#.
##.....#..........#......##.....
.......'..........'............
##...###..........#.#.#........
##...# #..........#.#......#...
.....###..........#.#.#....# ..
................###.#......# .
....(...##..........#......#
...........................#


You could see a quokka.

Vanquished Creatures
  2 bats (D:1)
  An endoplasm (D:1)
  3 goblins (D:1)
  5 hobgoblins (D:1)
  A jackal (D:1)
  3 kobolds (D:1)
  2 ball pythons (D:1)
  2 frilled lizards (D:1)
  A toadstool (D:1)
20 creatures vanquished.

Vanquished Creatures (others)
  3 toadstools (D:1)
3 creatures vanquished.

Grand Total: 23 creatures vanquished

Notes
Turn   | Place    | Note
-------+----------+-------------------------------------------
     0 | D:1      | Stomo444 the Vine Stalker Necromancer began the quest for
                  | the Orb.
     0 | D:1      | Reached XP level 1. HP: 9/9 MP: 4/4
   107 | D:1      | Reached XP level 2. HP: 1/13 MP: 0/6
   991 | D:1      | Slain by a quokka

Illustrated notes

Levels and vault maps discovered:
D:1:      ldierk_water_garden, layout_basic, st_stairs_9

Action                   || total
-------------------------++-------
Melee: Unarmed           ||     5
       Club              ||    25
       Bite              ||     8
 Cast: Pain              ||    27
Armor: Robe              ||     8
Dodge: Dodged            ||    22
